Map: Lightshade LE

Players

HasuGosuSoju

  • Race: Terran Terran
  • League: Diamond

ViBE - Winner!

  • Race: Zerg Zerg
  • League: Diamond

VOD

Have the link to the VOD?

Description

Time

  • Played on: April 20, 2021, 8:18 p.m.
  • Length: 4:48
Show
View Real Time Build Order
Export as new Build Order

HasuGosuSoju Terran 

Build Orders:  

Get SALT Encoding   

  12  0:00  SCV  
  13  0:12  SCV  
  14  0:18  Supply Depot  
  14  0:24  SCV  
  15  0:41  Barracks  
  15  0:52  Barracks  
  15  0:55  SCV  
  16  1:07  SCV  
  17  1:19  SCV  
  17  1:23  Supply Depot  
  18  1:30  Marine  
  18  1:31  SCV  
  18  1:32  Bunker  
  20  1:40  Bunker  
  20  1:41  Marine  
  20  1:43  SCV  
  22  1:48  Marine  
  23  1:59  Marine  
  23  2:06  Marine  
  22  2:17  Marine  
  22  2:24  Marine  
  22  2:25  Orbital Command  
  22  2:27  Refinery  
  17  2:57  Supply Depot  
  16  3:00  Command Center  
  16  3:04  SCV  
  17  3:22  Barracks  
  17  3:26  SCV  
  18  3:30  Refinery  
  18  3:40  Factory  
  18  3:42  SCV  
  19  3:49  Bunker  
  19  3:54  SCV  
  20  4:06  SCV  
  21  4:13  Marine  
  21  4:14  Orbital Command  
  22  4:24  Factory Tech Lab  
  22  4:28  Starport  
  22  4:29  SCV  
Show
View Real Time Build Order
Export as new Build Order

ViBE Zerg - Winner!

Build Orders: Hatch First 

Get SALT Encoding   

  12  0:00  Drone  
  13  0:12  Overlord  
  13  0:17  Drone  
  14  0:31  Drone x2  
  16  0:48  Hatchery  
  15  0:52  Drone  
  15  0:54  Drone  
  17  0:57  Drone  
  18  1:09  Extractor  
  17  1:13  Spawning Pool  
  17  1:16  Drone  
  17  1:20  Drone  
  18  1:28  Drone  
  19  2:07  Zergling x6  
  22  2:14  Queen  
  24  2:18  Zergling x2  
  25  2:23  Zergling x2  
  26  2:40  Zergling x4  
  27  2:52  Overlord  
  27  2:54  Metabolic Boost  
  27  3:09  Overlord  
  27  3:10  Queen  
  27  3:11  Overlord  
  29  3:20  Baneling Nest  
  29  3:24  Zergling x6  
  31  3:34  Zergling x4  
  33  3:42  Zergling x6  
  36  3:50  Zergling x4  
  36  3:52  Zergling x2  
  39  3:59  Zergling x4  
  41  4:04  Baneling x3  
  41  4:05  Baneling  
  41  4:07  Baneling  
  41  4:12  Baneling  
  41  4:18  Zergling x4  
Tags
 
Add a new tag
Caveats
  • Supply blocks, unpowered buildings, or Contaminate may cause inaccurate times.
  • Supply counts are checked every 10 seconds.